 Dungeon Crawl Stone Soup version 0.31.0-11-ge490571c62 (webtiles) character file.

Game seed: 2206359662998007121

266 Aviak the Ruffian (level 6, -3/47 HPs)
             Began as a Demonspawn Shapeshifter on Jan 27, 2024.
             Slain by an orc priest
             ... wielding a +0 flail
              (7 damage)
             ... on level 4 of the Dungeon.
             The game lasted 00:03:28 (2551 turns).

Aviak the Ruffian (Demonspawn Shapeshifter)         Turns: 2551, Time: 00:03:28

Health: -3/47      AC:  5    Str: 14    XL:     6   Next: 0%
Magic:  6/6        EV: 11    Int: 12    God:
Gold:   174        SH:  4    Dex: 13    Spells: 5/5 levels left

rFire   . .          .
                       - Unarmed
rCold   . . .        (no shield)
rNeg    . . .        r - +0 ring mail
rPois   .            (helmet currently unavailable)
rElec   .            (cloak currently unavailable)
rCorr   .            (gloves currently unavailable)
SInv    .            (boots currently unavailable)
Will    .....        (no amulet)
Stlth   +            (no ring)
HPRegen 0.27/turn    (no ring)
MPRegen 0.10/turn

%: no passive effects
@: beast-form
A: beast (slay +2), condensation shield
a: Begin Untransformation


You were on level 4 of the Dungeon.
You were a hulking beast.
You visited 1 branch of the dungeon, and saw 4 of its levels.

You collected 174 gold pieces.

Inventory:

Armour
 a - a +0 animal skin
 f - an orb of energy
 g - a +0 cloak
 n - a +0 pair of gloves
 r - a +0 ring mail (worn)
Jewellery
 b - an amulet of reflection
Talismans
 c - a beast talisman
 d - a flux talisman
 t - a blade talisman
Wands
 v - a wand of flame (14)
Scrolls
 e - a scroll of fog {unknown}
 i - a scroll of poison {unknown}
 j - 2 scrolls of teleportation {unknown}
 l - 2 scrolls of brand weapon {unknown}
 u - a scroll of amnesia {unknown}
 w - a scroll of fear {unknown}
Potions
 h - a potion of heal wounds
 k - a potion of mutation {unknown}
 m - a potion of berserk rage {unknown}
 o - a potion of cancellation {unknown}
 p - 2 potions of magic
 q - a potion of resistance {unknown}
 s - a potion of brilliance {unknown}


   Skills:
 + Level 3.0 Fighting
 + Level 3.2 Dodging
 + Level 3.8 Unarmed Combat
 + Level 3.6 Shapeshifting


You had 5 spell levels left.
You didn't know any spells.
Your spell library contained the following spells:

 Spells                   Type           Power      Damage    Failure   Level
 Volatile Blastmotes      Fire/Tloc      0%         2d10      90%         3
 Fulminant Prism          Conj/Alch      0%         3d5       100%        4
 Iskenderun's Mystic Bla  Conj/Tloc      0%         2d3       100%        4


Dungeon Overview and Level Annotations

Branches:
Dungeon (4/15)
 Temple: D:4-7

Altars:


Innate Abilities, Weirdness & Mutations

You are a hulking beast.
Your limbs bulge with bestial killing power. (Slay +2)
A meltable shield of frost defends you. (SH +4)


Message History

The orc priest is heavily wounded.
The orc priest hits you with a +0 flail!
* * * LOW HITPOINT WARNING * * *
The orc hits you with a +0 short sword.
* * * LOW HITPOINT WARNING * * *
You feel much better.
You closely miss the orc.
The orc priest invokes the aid of Beogh against you.
Beogh smites you!
You hit the orc.
The orc is severely wounded.
The orc hits you but does no damage.
You punch the orc!
You kill the orc!
You hit the orc but do no damage. The orc hits you but does no damage.
You hit the orc but do no damage. You block the orc's attack.
You hit the orc.
The orc is lightly wounded.
The orc hits you but does no damage.
You punch the orc!
You kill the orc!
You hit the orc.
You kill the orc!
You have reached level 6!
You closely miss the orc priest. You punch the orc priest.
The orc priest is severely wounded.
The orc priest calls down the wrath of Beogh upon you.
Beogh smites you!
* * * LOW HITPOINT WARNING * * *
You barely miss the orc priest.
The orc priest is severely wounded.
The orc priest begins to cast a cantrip, but forgets the words!
You hit the orc priest but do no damage.
The orc priest is severely wounded.
The orc priest hits you with a +0 flail.
* * * LOW HITPOINT WARNING * * *
You barely miss the orc priest.
The orc priest is severely wounded.
The orc priest hits you with a +0 flail!
You die...

##..#.# #...# #.#.#
###.# #.## #.# #.#
#.# #.# #.# #.#
#.#### ##.## ##.....
#####...# ##.....#
#..ho...# #.......
#.###†..#####.......
#.oo......<.........
#...###########.....#
#.... ##...## #......
##### #...... #...o..
#....oo


You could see an orc priest.

Vanquished Creatures
  2 kobold brigands (D:3)
  A scorpion (D:4)
  An adder (D:2)
  2 ribbon worms
  5 orcs
  2 bats (D:1)
  2 endoplasms
  4 giant cockroaches
  5 hobgoblins
  4 jackals (D:4)
  2 quokkas (D:2)
  4 ball pythons
  5 frilled lizards
  10 kobolds
  2 rats
51 creatures vanquished.

Notes
Turn   | Place    | Note
-------+----------+-------------------------------------------
     0 | D:1      | Aviak the Demonspawn Shapeshifter began the quest for the
                  | Orb.
     0 | D:1      | Reached XP level 1. HP: 15/15 MP: 1/1
   288 | D:1      | Gained mutation: A meltable shield of frost defends you.
                  | (SH +4) [demonic ancestry]
   288 | D:1      | Reached XP level 2. HP: 19/21 MP: 2/2
   928 | D:2      | Reached XP level 3. HP: 18/27 MP: 3/3
  1004 | D:2      | You fall into a shaft and drop 1 floor!
  1786 | D:3      | Noticed a kobold brigand
  1798 | D:3      | Killed a kobold brigand
  1799 | D:3      | Reached XP level 4. HP: 9/34 MP: 4/4
  2243 | D:3      | Noticed a kobold brigand
  2261 | D:3      | Killed a kobold brigand
  2262 | D:3      | Reached XP level 5. HP: 21/39 MP: 5/5
  2548 | D:4      | Reached XP level 6. HP: 22/47 MP: 6/6
  2551 | D:4      | Slain by an orc priest

Illustrated notes

Levels and vault maps discovered:
D:1:      ncdulo_watergridlock, layout_basic
D:2:      layout_loops_ring
D:3:      cheibrodos_thug_alley, layout_loops_ring
D:4:      layout_loops_ring, uniq_natasha

Skill      XL: |  1  2  3  4  5 |
---------------+----------------+-----
Dodging        | 2 3 |  3.2
Unarmed Combat | 3 |  3.8
Shapeshifting  | 3 |  3.6
Fighting       | 2 3 |  3.0

Action                     |  1- 3 |  4- 6 || total
---------------------------+-------+-------++-------
  Melee: Unarmed           |   101 |    95 ||   196
         Punch             |     1 |     3 ||     4
  Evoke: Wand              |     3 |       ||     3
    Use: Potion            |     1 |     2 ||     3
         Scroll            |       |     3 ||     3
   Stab: Sleeping          |     1 |       ||     1
 Armour: Animal skin       |    18 |       ||    18
         Ring mail         |    18 |    43 ||    61
         Skin              |     4 |     1 ||     5
  Dodge: Dodged            |    43 |    34 ||    77
  Block: Other             |    12 |    16 ||    28
